 Dungeon Crawl Stone Soup version 0.24.0-35-gdb84b6a5db (webtiles) character file.

Game seed: 16913028448312281570, levelgen mode: deterministic

147 DildoBatman the Conjurer (level 5, 0/35 HPs)
             Began as a Formicid Wizard on Nov 20, 2019.
             Slain by an orc priest
             ... wielding a +0 flail
              (7 damage)
             ... on level 3 of the Dungeon.
             The game lasted 00:06:14 (2282 turns).

DildoBatman the Conjurer (Formicid Wizard)          Turns: 2282, Time: 00:06:15

Health: 0/35       AC:  3    Str: 12    XL:     5   Next: 54%
Magic:  3/9        EV: 12    Int: 18    God:
Gold:   130        SH:  0    Dex:  9    Spells: 3/10 levels left

rFire    . . .     SeeInvis +   x - +1 dagger (vamp)
rCold    . . .     Gourm    .   (no shield)
rNeg     . . .     Faith    .   a - +0 robe
rPois    .         Spirit   .   (helmet unavailable)
rElec    .         Reflect  .   (no cloak)
rCorr    .         Harm     .   t - +0 pair of gloves
MR       .....                  (no boots)
Stlth    +++.......             (no amulet)
HPRegen  0.11/turn              h - ring of wizardry
MPRegen  0.11/turn              y - ring of stealth

@: no status effects
A: permanent stasis, dig shafts and tunnels, four strong arms, antennae 3
a: Dig, Shaft Self


You were on level 3 of the Dungeon.
You were hungry.

You visited 1 branch of the dungeon, and saw 3 of its levels.

You collected 130 gold pieces.

Inventory:

Hand Weapons
 b - a +0 quarterstaff
 c - a +1 dagger of venom
 e - a +0 hunting sling
 g - a +3 whip
 j - a +2 short sword of venom
 w - a +0 spear
 x - a +1 vampiric dagger (weapon)
Missiles
 f - 87 stones (quivered)
 i - 20 arrows
 q - 18 sling bullets
 s - 16 poisoned darts
Armour
 a - a +0 robe (worn)
 t - a +0 pair of gloves (worn)
Jewellery
 h - a ring of wizardry (left hand)
 o - an uncursed ring of fire
 y - a ring of stealth (right hand)
Scrolls
 l - a scroll of enchant weapon {unknown}
 m - 2 scrolls of blinking {unknown}
 n - 5 scrolls of identify {unknown}
Potions
 d - a potion of degeneration {unknown}
 k - 2 potions of agility {unknown}
 p - a potion of curing {unknown}
 u - a potion of resistance {unknown}
 z - a potion of cancellation {unknown}
Comestibles
 v - 3 rations


   Skills:
 - Level 1.7 Dodging
 - Level 2.4 Stealth
 - Level 3.2 Spellcasting
 * Level 4.5 Conjurations
   Level 1.0 Summonings
   Level 0.8 Translocations


You had 3 spell levels left.
You knew the following spells:

 Your Spells              Type           Power        Failure   Level  Hunger
a - Conjure Flame         Conj/Fire      ##......     8%          3    ###....
c - Magic Dart            Conj           ###.         1%          1    None
e - Mephitic Cloud        Conj/Pois/Air  #.......     11%         3    ###....

Your spell library contained the following spells:

 Spells                   Type           Power        Failure   Level  Hunger
 Call Imp                 Summ           #.......     6%          2    ##.....
 Slow                     Hex            #.......     10%         2    ##.....
 Blink                    Tloc           Unusable     N/A         2    N/A

Dungeon Overview and Level Annotations

Branches:
Dungeon (3/15)

Altars:
Ru
Sif Muna

Annotations:
D:1 exclusion: phantom, Jessica
D:2 2 exclusions, Terence
D:3 1 exclusion


Innate Abilities, Weirdness & Mutations

You cannot be hasted, slowed, berserked, paralysed or teleported.
You can dig through walls and to a lower floor.
Your four strong arms can wield two-handed weapons with a shield.
You have a pair of large antennae on your head. (SInv)


Message History

Aim: an orc priest, wielding a +0 flail and wearing a +0 ring mail (heavily wounded, confused)
The magic dart hits the orc priest but does no damage.
The orc priest is heavily wounded.
You barely miss the orc priest.
The orc priest is heavily wounded.
The orc priest misses you.
You hit the orc priest but do no damage.
The orc priest is heavily wounded.
You hit the orc priest.
The orc priest is severely wounded.
The orc priest misses you.
Casting: Magic Dart (safe; 1% risk of failure)
Confirm with . or Enter, or press ? or * to list all spells.
Aiming: Magic Dart (safe; 1% risk of failure)
Press: ? - help, Shift-Dir - straight line, f/p - orc priest
Aim: an orc priest, wielding a +0 flail and wearing a +0 ring mail (severely wounded, confused)
The magic dart hits the orc priest.
The orc priest is almost dead.
The orc priest hits you with a +0 flail!
You die...

....# ####...# ....#
#####.)...## ....#
##.....##### ....####
##..........##
.......####............##
รท...##..................#
....###.................#
....# #.##..............#
....###........o@.......#
........##..............#
.........##............######
............................#
......###..######...#########
.........#...............#
.....###..#..)..........>#
.....# ##...######.####..#
.....###.{### #.# ####


You could see an orc priest (confused).

Vanquished Creatures
  2 orc wizards (D:3)
  4 adders
  3 dart slugs (D:1)
  2 leopard geckos
  3 orcs (D:3)
  3 giant cockroaches
  6 goblins
  4 hobgoblins
  A quokka (D:3)
  6 bats
  2 frilled lizards
  5 kobolds
  9 rats
50 creatures vanquished.

Notes
Turn   | Place    | Note
-------+----------+-------------------------------------------
     0 | D:1      | DildoBatman the Formicid Wizard began the quest for the
                  | Orb.
     0 | D:1      | Reached XP level 1. HP: 13/13 MP: 4/4
     6 | D:1      | Reached skill level 1 in Conjurations
   146 | D:1      | Reached XP level 2. HP: 18/19 MP: 4/6
   175 | D:1      | Reached skill level 2 in Conjurations
   449 | D:1      | Reached XP level 3. HP: 23/24 MP: 1/7
   454 | D:1      | Learned a level 3 spell: Conjure Flame
   458 | D:1      | Learned a level 3 spell: Mephitic Cloud
   885 | D:2      | Noticed Jessica
  1180 | D:2      | Noticed a phantom
  1221 | D:2      | Reached skill level 3 in Conjurations
  1247 | D:2      | Reached XP level 4. HP: 22/30 MP: 3/8
  1587 | D:3      | Noticed Terence
  1725 | D:3      | Found a sacrificial altar of Ru.
  1835 | D:3      | Found a shimmering blue altar of Sif Muna.
  1981 | D:3      | Reached skill level 4 in Conjurations
  1981 | D:3      | Reached XP level 5. HP: 27/35 MP: 1/9
  2282 | D:3      | Slain by an orc priest

Levels and vault maps discovered:
D:1:      dpeg_arrival_tiny_f, layout_basic
D:2:      layout_rooms, uniq_jessica
D:3:      layout_rooms, lemuel_blue_sif_altar, nicolae_ru_awakened_eye,
          uniq_terence

Skill      XL: |  1  2  3  4 |
---------------+-------------+-----
Conjurations   | 1 2 3 4 |  4.5
Dodging        | |  1.7
Stealth        | |  2.4
Spellcasting   | |  3.2
Summonings     | |  1.0
Translocations | |  0.8

Action                   |  1- 3 |  4- 6 || total
-------------------------+-------+-------++-------
Melee: Dagger            |    28 |    47 ||    75
 Cast: Magic Dart        |    44 |    60 ||   104
       Mephitic Cloud    |       |     4 ||     4
 Abil: Dig               |       |     3 ||     3
 Stab: Sleeping          |     1 |       ||     1
  Eat: Chunk             |     1 |     3 ||     4
Armor: Robe              |     5 |    17 ||    22
Dodge: Dodged            |    12 |    40 ||    52
